 Dungeon Crawl Stone Soup version 0.28.0-43-g3370ac3207 (webtiles) character file.

Game seed: 4800136147039850239

405929 Peloso the Minotaur Barricade (level 22, -1/220 HPs)
             Began as a Minotaur Fighter on Mar 28, 2022.
             Was the Champion of Okawaru.
             Killed from afar by a tengu reaver (31 damage)
             ... with a bolt of acid
             ... on level 5 of the Vaults on Mar 29, 2022.
             The game lasted 02:23:26 (52381 turns).

Peloso the Minotaur Barricade (Minotaur Fighter)   Turns: 52381, Time: 02:23:27

Health: -1/220     AC: 38    Str: 32    XL:     22   Next: 37%
Magic:  33/33      EV: 15    Int:  6    God:    Okawaru [******]
Gold:   4220       SH: 31    Dex: 30    Spells: 21/21 levels left

rFire   + + .      SeeInvis +   a - +12 demon blade "Yskylub" {flame, Dex+8}
rCold   + + .      Faith    .   c - +2 tower shield {reflect}
rNeg    + . .      Spirit   .   g - +3 plate armour "Pusm" {rC+ Int+2 Dex+4}
rPois   +          Reflect  +   Z - +0 hat "Mocuyvoqi" {rF++ Str+3 Int-3 SInv}
rElec   +          Harm     .   o - +2 cloak
rCorr   .          Rampage  .   G - +2 pair of gloves
Will    ++++.                   E - +2 pair of boots {Fly}
Stlth   ..........              z - amulet "Dumuxt" {rElec Regen+ Int+2 Dex+2}
HPRegen 1.26/turn               L - ring of Pisoaj Nydd {rPois rC+ Will+ MP+9}
MPRegen 0.23/turn               x - ring of Dobyizeo {rN+ Will++ AC+4 Dex+3}

@: flying
A: horns 2, retaliatory headbutt, beak
}: 2/15 runes: decaying, serpentine
a: Renounce Religion, Heroism, Finesse, Duel


You were on level 5 of the Vaults.
You worshipped Okawaru.
Okawaru was exalted by your worship.
You visited 8 branches of the dungeon, and saw 40 of its levels.
You visited 1 bazaar.
You also visited: Gauntlet and Wizlab.

You collected 4909 gold pieces.
You spent 689 gold pieces at shops.

Inventory:

Hand Weapons
 a - the +12 demon blade "Yskylub" (weapon) {flame, Dex+8}
   (Okawaru gifted it to you on level 2 of the Swamp)

   It burns those it strikes, dealing additional fire damage.
   Big, fiery blades are also staple armaments of hydra-hunters.
   Dex:       It affects your dexterity (+8).
 b - a +5 double sword of flaming
 v - the +10 zealot's sword {holy, *Rage rN+ EV+3}
   (Okawaru gifted it to you on level 13 of the Dungeon)

   It has been blessed by the Shining One to cause great damage to the undead
   and demons.
   Whenever the wielder enters a berserk rage, their allies are berserked
   alongside them.
   EV:        It affects your evasion (+3).
   rN:        It protects you from negative energy.
   *Rage:     It berserks you when you make melee attacks (+20% chance).
Missiles
 t - a throwing net (quivered)
Armour
 c - a +2 tower shield of reflection (worn)
 g - the +3 plate armour "Pusm" (worn) {rC+ Int+2 Dex+4}
   (Okawaru gifted it to you on level 5 of the Lair of Beasts)

   Int:       It affects your intelligence (+2).
   Dex:       It affects your dexterity (+4).
   rC:        It protects you from cold.
 o - a +2 cloak (worn)
 q - the +3 pair of gloves of Okawaru's Anger {Fly rElec rF++ Slay-3}
   (Okawaru gifted it to you on level 2 of the Vaults)

   Slay:      It affects your accuracy & damage with ranged weapons and melee
   (-3).
   rF:        It greatly protects you from fire.
   rElec:     It insulates you from electricity.
   Fly:       It grants you flight.
 r - the +2 chain mail of Untruth {rF++ rN+ Dex+4}
   (Okawaru gifted it to you on level 2 of the Elven Halls)

   Dex:       It affects your dexterity (+4).
   rF:        It greatly protects you from fire.
   rN:        It protects you from negative energy.
 E - a +2 pair of boots of flying (worn)
 G - a +2 pair of gloves (worn)
 Q - the +4 chain mail of Tulips {*Corrode rN+++ Dex-2 Slay+5}
   (Okawaru gifted it to you on level 1 of the Swamp)

   Dex:       It affects your dexterity (-2).
   Slay:      It affects your accuracy & damage with ranged weapons and melee
   (+5).
   rN:        It renders you almost immune to negative energy.
   *Corrode:  It may corrode you when you take damage.
 Z - the +0 hat "Mocuyvoqi" (worn) {rF++ Str+3 Int-3 SInv}
   (Okawaru gifted it to you on level 2 of the Orcish Mines)

   Str:       It affects your strength (+3).
   Int:       It affects your intelligence (-3).
   rF:        It greatly protects you from fire.
   SInv:      It lets you see invisible.
Jewellery
 j - a +4 ring of protection
 w - a ring of resist corrosion
 x - the ring of Dobyizeo (right hand) {rN+ Will++ AC+4 Dex+3}
   (You found it on level 14 of the Dungeon)

   [ring of protection]

   AC:        It affects your AC (+4).
   Dex:       It affects your dexterity (+3).
   rN:        It protects you from negative energy.
   Will:      It greatly increases your willpower.
 y - an amulet of magic regeneration
 z - the amulet "Dumuxt" (around neck) {rElec Regen+ Int+2 Dex+2}
   (You acquired it in a Gauntlet)

   [amulet of regeneration]

   Int:       It affects your intelligence (+2).
   Dex:       It affects your dexterity (+2).
   rElec:     It insulates you from electricity.
   Regen:     It increases your rate of health regeneration.
 L - the ring of Pisoaj Nydd (left hand) {rPois rC+ Will+ MP+9}
   (You found it on level 10 of the Dungeon)

   [ring of magical power]

   rC:        It protects you from cold.
   rPois:     It protects you from poison.
   MP:        It affects your magic capacity (+9).
   Will:      It increases your willpower.
Wands
 i - a wand of iceblast (3)
 n - a wand of paralysis (4)
 A - a wand of flame (9)
 T - a wand of digging (7)
Scrolls
 e - 3 scrolls of enchant weapon
 f - 4 scrolls of fear
 h - 17 scrolls of teleportation
 k - 3 scrolls of blinking
 m - 3 scrolls of immolation
 s - 15 scrolls of identify
 u - a scroll of holy word
 F - 5 scrolls of magic mapping
 J - 2 scrolls of noise
Potions
 d - 12 potions of might
 l - 6 potions of heal wounds
 p - a potion of resistance
 B - 25 potions of curing
 C - 2 potions of cancellation {unknown}
 I - 2 potions of berserk rage
 O - 9 potions of haste
 W - 4 potions of mutation


   Skills:
 + Level 23.3 Fighting
 + Level 23.8 Long Blades
 + Level 6.3 Axes
 + Level 20.8 Armour
 + Level 6.8 Dodging
 + Level 3.3 Stealth
 O Level 27 Shields
 + Level 4.6 Invocations
 + Level 1.4 Evocations


You had 21 spell levels left.
You didn't know any spells.
Your spell library contained the following spells:

 Spells                   Type           Power      Damage    Failure   Level
 Apportation              Tloc           0%         N/A       87%         1
 Beastly Appendage        Tmut           0%         N/A       87%         1
 Foxfire                  Conj/Fire      0%         2x1d4     87%         1
 Magic Dart               Conj           0%         1d3       87%         1
 Sandblast                Erth           0%         2d4       87%         1
 Slow                     Hex            0%         N/A       87%         1
 Blink                    Tloc           0%         N/A       95%         2
 Corpse Rot               Necr/Air       0%         N/A       95%         2
 Ensorcelled Hibernation  Hex/Ice        0%         N/A       95%         2
 Passwall                 Tmut/Erth      0%         N/A       95%         2
 Static Discharge         Conj/Air       0%         N/A       95%         2
 Sublimation of Blood     Necr           0%         N/A       95%         2
 Wereblood                Tmut           0%         N/A       95%         2
 Conjure Flame            Conj/Fire      0%         6-21      99%         3
 Dazzling Flash           Conj/Hex       0%         N/A       99%         3
 Frozen Ramparts          Ice            0%         1d2       99%         3
 Gell's Gravitas          Tloc           0%         N/A       99%         3
 Ignite Poison            Fire/Tmut/Pois 0%         N/A       99%         3
 Inner Flame              Hex/Fire       0%         N/A       99%         3
 Lesser Beckoning         Tloc           0%         N/A       99%         3
 Ozocubu's Armour         Ice            0%         N/A       99%         3
 Spider Form              Tmut/Pois      0%         N/A       99%         3
 Stone Arrow              Conj/Erth      0%         3d7       99%         3
 Swiftness                Air            0%         N/A       99%         3
 Teleport Other           Tloc           0%         N/A       99%         3
 Anguish                  Hex/Necr       0%         N/A       100%        4
 Dispel Undead            Necr           0%         3d6       100%        4
 Flame Wave               Conj/Fire      0%         2d4       100%        4
 Ice Form                 Ice/Tmut       0%         N/A       100%        4
 Iskenderun's Mystic Bla  Conj/Tloc      0%         2d3       100%        4
 Leda's Liquefaction      Hex/Erth       0%         N/A       100%        4
 Sticky Flame             Conj/Fire      0%         2d3       100%        4
 Alistair's Intoxication  Tmut/Pois      0%         N/A       100%        5
 Borgnjor's Vile Clutch   Necr/Erth      0%         N/A       100%        5
 Fireball                 Conj/Fire      0%         3d3       100%        5
 Irradiate                Conj/Tmut      0%         3d14      100%        5
 Iskenderun's Battlesphe  Conj           0%         2d6       100%        5
 Lee's Rapid Deconstruct  Erth           0%         3d5*      100%        5
 Lightning Bolt           Conj/Air       0%         1d11      100%        5
 Manifold Assault         Tloc           0%         N/A       100%        5
 Conjure Ball Lightning   Conj/Air       0%         3x3d6     100%        6
 Eringya's Noxious Bog    Tmut/Pois      0%         N/A       100%        6
 Starburst                Conj/Fire      0%         6d3       100%        6
 Statue Form              Tmut/Erth      0%         N/A       100%        6
 Orb of Destruction       Conj           0%         9d5       100%        7
 Ozocubu's Refrigeration  Ice            0%         4d5       100%        7
 Storm Form               Tmut/Air       0%         N/A       100%        7
 Disjunction              Tloc           0%         N/A       100%        8
 Maxwell's Capacitive Co  Air            0%         ∞         100%        8
 Chain Lightning          Conj/Air       0%         N/A       100%        9
 Fire Storm               Conj/Fire      0%         5d1       100%        9
 Shatter                  Erth           0%         3d5*      100%        9
 Animate Skeleton         Necr           Unusable   N/A       N/A         1
 Summon Small Mammal      Summ           Unusable   N/A       N/A         1
 Summon Guardian Golem    Hex/Summ       Unusable   N/A       N/A         3
 Summon Ice Beast         Ice/Summ       Unusable   N/A       N/A         4
 Death Channel            Necr           Unusable   N/A       N/A         6
 Spellforged Servitor     Conj/Summ      Unusable   N/A       N/A         7
 Summon Hydra             Summ           Unusable   N/A       N/A         7

Dungeon Overview and Level Annotations

Branches:
Dungeon (15/15)            Temple (1/1) D:4            Lair (6/6) D:8
  Swamp (4/4) Lair:2        Snake (4/4) Lair:4        Slime (0/5) Lair:5
    Orc (2/2) D:11            Elf (3/3) Orc:2        Vaults (5/5) D:14
  Crypt (0/3) Vaults:2     Depths (0/4) D:15         WizLab (visited)
Gauntlet (visited)

Altars:
Ashenzari
Cheibriados
Gozag
Hepliaklqana
Kikubaaqudgha
Okawaru
Qazlal
Ru
Sif Muna
Trog
Vehumet
Wu Jian
Xom
Zin
The Shining One
Beogh
Lugonu

Shops:
Orc:2 =*(!   Snake:1 ?   Vaults:4 :

Portals:
Abyss: Lair:6
Pandemonium: Orc:2

Annotations:
Orc:2 Casa


Innate Abilities, Weirdness & Mutations

You have a pair of horns on your head.
You reflexively headbutt those who attack you in melee.
You have a beak for a mouth.


Message History

The yaktaur is engulfed in blazing flames.
You kill the yaktaur!
Okawaru accepts your kill.
You block the deep elf high priest's attack.
The tengu reaver is engulfed in blazing flames.
The tengu reaver casts a spell at you. The bolt of acid hits you!!
* * * LOW HITPOINT WARNING * * *
The stone giant is engulfed in blazing flames.
You block the yaktaur's attack. You block the vault guard's attack.
The golden dragon bites you!
* * * LOW HITPOINT WARNING * * *
The golden dragon claws you but does no damage.
The golden dragon tramples you.
* * * LOW HITPOINT WARNING * * *
You are shoved backwards!
Blink to where?
Press: ? - help, Dir - move target A vault sentinel comes into view.
It is wielding a +3 vorpal mace.
As you read the scroll of blinking, it crumbles to dust.
The vault sentinel shouts!
The vault sentinel blows a loud note on a signal horn!
The deep elf high priest utters a dark prayer and points at you.
Your life force is offered up.
* * * LOW HITPOINT WARNING * * *
The golden dragon is healed.
The tengu reaver is healed.
The vault guard is healed.
The stone giant is healed.
The tengu reaver is engulfed in blazing flames.
The yaktaur wields a +0 arbalest.
The yaktaur shoots a bolt.
You reflect the bolt off your +2 tower shield of reflection!
The bolt hits the yaktaur!
The stone giant is engulfed in blazing flames.
The vault sentinel gestures at you while chanting.
You resist with almost no effort.
You hear a shout! x3; You hear a deafening roar!
You hear a shout! x3
You hear a screech!
You hear a shout! x3
You feel much better.
The tengu reaver points at you and mumbles some strange words.
The bolt of acid hits you!!
You die...

.#...#....# #e
.....#.c.§#..#
.#...#pD).#.#.#
......§Qe......#
#########§§☼§°...####
........§§☼°☼°☼?....
........§☼☼§C○)......
........°°)☼°○○......
....)..@○§§○§§○......
#######.p........####
#.#...........
#)#.#......#.#.
.#.#.#p....# ..
.#.#.#.#....# .
.#p#.# ##....# .# ...


You could see a golden dragon, a stone giant, a tengu reaver (empowered), a
vault guard, 2 vault sentinels, a deep elf high priest (brilliance aura) and a
yaktaur.

Vanquished Creatures
  An ancient lich (Vaults:1)
  Bai Suzhen (Elf:3)
  Saint Roka (Orc:2)
  Vashnia (Snake:3)
  A golden dragon (Vaults:3)
  Nikola (Vaults:3)
  A tentacled monstrosity (Swamp:2)
  Jorgrun (Elf:1)
  Mlioglotl (Snake:4)
  3 deep elf blademasters
  2 quicksilver dragons
  2 deep elf master archers (Elf:3)
  A titan (Vaults:5)
  A sphinx (Vaults:4)
  Frances (Swamp:1)
  A fenstrider witch (Swamp:2)
  Kirke (D:14)
  2 tengu reavers
  Donald (Elf:1)
  3 nagarajas (Snake:4)
  An orc warlord (Vaults:4)
  Aizul (Snake:2)
  5 deep elf sorcerers
  A draconian knight (WizLab)
  9 vault wardens
  Louise (Lair:2)
  7 deep elf elementalists
  19 ironbound preservers
  16 very ugly things
  2 stone giants
  5 ironbound thunderhulks
  9 deep elf annihilators (Elf:3)
  5 eleionomae
  A minotaur (Gauntlet)
  5 deep elf demonologists
  An entropy weaver (Vaults:4)
  A bunyip (Swamp:2)
  12 purple draconians (WizLab)
  12 dire elephants
  A crystal guardian (Vaults:2)
  9 statues (WizLab)
  8 deep elf death magi (Elf:3)
  3 ettins
  Josephine (D:14)
  A great orb of eyes (Vaults:2)
  11 yaktaur captains
  2 deep elf high priests
  4 fire dragons
  3 shambling mangroves (Swamp:2)
  23 vault guards (Vaults:5)
  30 hydras
  7 boulder beetles
  Harold (D:7)
  2 peacekeepers
  5 salamander tyrants (Snake:4)
  2 spriggan air magi
  13 naga warriors
  2 ghost crabs (Swamp:4)
  8 ironbound frosthearts
  3 catoblepae
  7 anacondas
  9 centaur warriors
  2 demonspawn (Orc:2)
  8 death yaks
  An ogre mage (D:13)
  33 dancing weapons
  10 alligators
  A tengu warrior (D:14)
  2 deep troll earth magi
  6 two-headed ogres
  8 naga sharpshooters
  4 thrashing horrors (Lair:6)
  6 orc high priests (Orc:2)
  11 shock serpents
  A spriggan berserker (Swamp:2)
  25 deep elf knights
  5 hell knights (Vaults:2)
  Sonja (Lair:4)
  A skeletal warrior (D:13)
  7 salamander mystics
  A fire crab (Swamp:4)
  3 goliath frogs
  2 spriggan druids (Swamp:2)
  A goliath frog (shapeshifter) (Gauntlet)
  10 swamp dragons
  72 deep trolls
  16 deep elf archers
  A flayed ghost (D:15)
  A phantasmal warrior (Vaults:4)
  24 ironbound convokers
  7 bog bodies
  6 wizards
  13 lindwurms
  26 deep elf zephyrmancers
  6 naga ritualists
  9 orc knights
  9 orc sorcerers
  10 harpies
  12 ugly things
  A wolf spider (D:15)
  32 deep elf pyromancers
  16 mana vipers
  2 necromancers
  3 manticores
  16 salamanders
  6 cyclopes
  3 will-o-the-wisps
  2 water nymphs (Swamp:2)
  5 guardian serpents
  37 black mambas
  2 rust devils (Orc:2)
  Joseph (D:7)
  Maurice (Orc:1)
  3 smoke demons (Lair:6)
  A water nymph (shapeshifter) (Gauntlet)
  6 elephants
  An eye of devastation (Gauntlet)
  8 cane toads
  14 naga magi
  A torpor snail (Lair:6)
  14 vault sentinels
  3 gargoyles
  A freezing wraith (Vaults:4)
  3 komodo dragons (Lair:5)
  Maggie (Lair:2)
  3 rime drakes
  A yaktaur (shapeshifter) (Gauntlet)
  43 yaktaurs
  3 ancient zymes (Lair:6)
  13 tengu conjurers
  8 tyrant leeches
  2 red devils (Orc:2)
  2 bloated husks
  6 meliai
  8 trolls
  3 polar bears
  14 blink frogs
  15 hornets
  32 slime creatures
  10 small abominations (Lair:6)
  7 spriggans
  Sigmund (D:3)
  3 air elementals
  2 shadows (D:10)
  2 wyverns
  3 fire elementals
  4 water elementals
  6 wraiths
  58 yaks
  A ynoxinul (Lair:6)
  2 chaos spawn (Lair:6)
  A golden eye (Gauntlet)
  A hog (shapeshifter) (Elf:1)
  5 steam dragons
  9 basilisks
  2 hogs (D:14)
  5 humans (D:14)
  3 fire bats (Swamp:4)
  A redback (Vaults:4)
  15 vampire mosquitoes
  37 nagas
  4 wargs
  2 acid dragons (D:12)
  13 swamp worms
  14 water moccasins
  3 large abominations (Lair:6)
  10 swamp drakes
  2 ice beasts (D:5)
  31 orc warriors
  A black bear (D:6)
  A meliai simulacrum (D:14)
  10 ogres
  A necrophage (D:6)
  2 centaurs
  2 phantoms
  5 wolves
  2 kobold brigands
  3 earth elementals
  12 bullfrogs
  3 scorpions
  A wyvern zombie (D:6)
  6 killer bees (D:8)
  14 wights (D:9)
  A howler monkey (D:12)
  6 electric eels
  5 centaur zombies
  Crazy Yiuf (D:2)
  A bullfrog zombie (D:5)
  A centaur skeleton (D:7)
  A hound (D:3)
  6 jellies
  A gnoll shaman (D:8)
  23 orc priests
  12 human skeletons (Vaults:1)
  20 orc wizards
  2 iguanas
  3 scorpion zombies
  7 hell rats
  Terence (D:2)
  4 polar bear simulacra (Lair:2)
  A wolf simulacrum (Lair:2)
  2 killer bee zombies
  2 yak simulacra (Lair:2)
  2 hound zombies (D:4)
  3 howler monkey zombies
  Robin (D:3)
  3 gnolls (D:8)
  8 adders
  9 river rats (Lair:3)
  2 ufetubi
  An adder skeleton (D:4)
  3 worms
  55 orcs
  6 ball pythons
  9 endoplasms
  4 giant cockroaches
  12 goblins
  17 hobgoblins
  6 quokkas
  5 bats
  7 frilled lizards
  15 kobolds
  A quokka skeleton (D:4)
  10 rats
  4 river rat simulacra (Lair:2)
1595 creatures vanquished.

Vanquished Creatures (others)
  A fire giant (Vaults:5)
  An ironbound preserver (Vaults:2)
  2 deep elf zephyrmancers
  A tengu conjurer (WizLab)
  A blink frog (Lair:6)
  A water elemental (Elf:3)
  A steam dragon (Swamp:4)
  2 swamp drakes (Swamp:4)
  2 lava snakes (Swamp:4)
  An orc priest (Orc:2)
  2 bushes
  12 foxfires
  17 fungi
  18 plants
  7 withered plants (D:4)
69 creatures vanquished.

Grand Total: 1664 creatures vanquished

Notes
Turn   | Place    | Note
-------+----------+-------------------------------------------
     0 | D:1      | Peloso the Minotaur Fighter began the quest for the Orb.
     0 | D:1      | Reached XP level 1. HP: 19/19 MP: 0/0
   210 | D:1      | Reached XP level 2. HP: 27/27 MP: 1/1
   638 | D:1      | Reached skill level 4 in Shields
   866 | D:1      | Reached XP level 3. HP: 31/33 MP: 2/2
  1121 | D:2      | Found a hazy altar of Hepliaklqana.
  1197 | D:2      | Noticed Terence
  1206 | D:2      | Killed Terence
  1365 | D:2      | Reached XP level 4. HP: 32/40 MP: 3/3
  1464 | D:2      | Noticed a scorpion
  1466 | D:2      | Found a faded altar of an unknown god.
  1471 | D:2      | Killed a scorpion
  1472 | D:2      | Reached skill level 1 in Dodging
  1472 | D:2      | Reached XP level 5. HP: 34/46 MP: 4/4
  1991 | D:2      | Found a runed translucent door.
  1992 | D:2      | Noticed Crazy Yiuf
  2007 | D:2      | Killed Crazy Yiuf
  2008 | D:2      | Reached skill level 5 in Armour
  2316 | D:3      | Noticed Sigmund
  2589 | D:3      | Killed Sigmund
  2590 | D:3      | Reached skill level 5 in Long Blades
  2590 | D:3      | Reached XP level 6. HP: 23/55 MP: 5/5
  2936 | D:3      | Noticed Robin
  2951 | D:3      | Killed Robin
  3558 | D:3      | Reached skill level 5 in Shields
  3901 | D:4      | Reached XP level 7. HP: 42/60 MP: 6/6
  3915 | D:4      | Reached skill level 5 in Fighting
  4223 | D:4      | Found a staircase to the Ecumenical Temple.
  4252 | Temple   | Entered the Ecumenical Temple
  4255 | Temple   | Became a worshipper of Warmaster Okawaru
  4470 | D:5      | Entered Level 5 of the Dungeon
  5356 | D:5      | Reached * piety under Okawaru
  5546 | D:5      | Reached XP level 8. HP: 69/69 MP: 7/7
  6340 | D:6      | Reached ** piety under Okawaru
  6679 | D:6      | Reached skill level 6 in Shields
  7217 | D:6      | Reached XP level 9. HP: 76/79 MP: 8/8
  7627 | D:7      | Reached skill level 10 in Long Blades
  7671 | D:7      | Reached *** piety under Okawaru
  8086 | D:7      | Noticed a deep elf zephyrmancer
  8095 | D:7      | Killed a deep elf zephyrmancer
  8295 | D:7      | Noticed Harold
  8758 | D:7      | Killed Harold
  8759 | D:7      | Reached skill level 1 in Stealth
  8934 | D:7      | Noticed Joseph
  8949 | D:7      | Killed Joseph
  8949 | D:7      | Reached **** piety under Okawaru
  8950 | D:7      | Reached XP level 10. HP: 52/88 MP: 7/9
  9388 | D:8      | Reached skill level 7 in Shields
  9913 | D:8      | Found a staircase to the Lair.
 10129 | D:9      | Got the Collected Works on Confrontation and Orientation
 10163 | D:9      | Noticed a two-headed ogre
 10181 | D:9      | Killed a two-headed ogre
 10182 | D:9      | Reached skill level 10 in Armour
 10182 | D:9      | Reached skill level 1 in Invocations
 10831 | D:9      | Noticed a two-headed ogre
 10838 | D:9      | Killed a two-headed ogre
 10838 | D:9      | Received a gift from Okawaru
 10995 | D:9      | Found a glowing golden altar of the Shining One.
 11045 | D:9      | Reached skill level 8 in Shields
 11118 | D:10     | Entered Level 10 of the Dungeon
 11142 | D:10     | Reached ***** piety under Okawaru
 11365 | D:10     | Noticed a cyclops
 11375 | D:10     | Killed a cyclops
 11376 | D:10     | Reached XP level 11. HP: 95/95 MP: 8/11
 11802 | D:10     | Identified the ring of Pisoaj Nydd {rPois rC+ Will+ MP+9}
 12350 | D:11     | Found a staircase to the Orcish Mines.
 12350 | D:11     | Noticed a deep elf pyromancer
 12352 | D:11     | Noticed a four-headed hydra
 12375 | D:10     | Killed a one-headed hydra
 12632 | D:11     | Received a gift from Okawaru
 12644 | D:11     | Killed a deep elf pyromancer
 12645 | D:11     | Reached skill level 1 in Axes
 12811 | D:11     | Reached skill level 9 in Shields
 12815 | D:11     | Noticed a two-headed ogre
 12821 | D:11     | Killed a two-headed ogre
 13128 | D:11     | Noticed a seven-headed hydra
 13140 | D:11     | Killed a two-headed hydra
 13400 | D:11     | Found a glowing silver altar of Zin.
 13678 | Lair:1   | Entered Level 1 of the Lair of Beasts
 13749 | Lair:1   | Noticed an eight-headed hydra
 13761 | Lair:1   | Killed a six-headed hydra
 13762 | Lair:1   | Reached skill level 10 in Fighting
 14091 | Lair:1   | Noticed an eight-headed hydra
 14098 | Lair:1   | Killed a five-headed hydra
 14099 | Lair:1   | Reached XP level 12. HP: 84/106 MP: 13/13
 14439 | Lair:1   | Noticed a seven-headed hydra
 14450 | Lair:1   | Killed a one-headed hydra
 14772 | Lair:1   | Noticed a four-headed hydra
 14784 | Lair:1   | Killed a one-headed hydra
 15296 | Lair:2   | Noticed Maggie
 15303 | Lair:1   | Reached skill level 10 in Shields
 15311 | Lair:1   | Identified the +2 scimitar "Fuxerhel" {holy, rF+ rN+ Dex-2}
                  | (Okawaru gifted it to you on level 1 of the Lair of Beasts)
 15311 | Lair:1   | Received a gift from Okawaru
 15439 | Lair:2   | Killed Maggie
 15561 | Lair:2   | Identified the +10 great sword of Sun Boph {flame, rPois
                  | rF+ rC- Dex+2}
 16061 | Lair:2   | Noticed an eight-headed hydra
 16075 | Lair:2   | Killed a one-headed hydra
 16124 | Lair:2   | Noticed a five-headed hydra
 16345 | Lair:2   | Killed a one-headed hydra
 16543 | Lair:2   | Reached skill level 5 in Axes
 16595 | Lair:2   | Found a staircase to the Swamp.
 16834 | Lair:3   | Noticed a boulder beetle
 16835 | Lair:3   | Reached ****** piety under Okawaru
 16844 | Lair:3   | Received a gift from Okawaru
 16886 | Lair:3   | Killed a boulder beetle
 17263 | Lair:3   | Received a gift from Okawaru
 17263 | Lair:3   | Noticed a five-headed hydra
 17390 | Lair:3   | Killed a one-headed hydra
 17574 | Lair:3   | Reached XP level 13. HP: 110/117 MP: 14/14
 18093 | Lair:3   | You fall into a shaft and drop 1 floor!
 18234 | Lair:4   | Found a staircase to the Snake Pit.
 18648 | Lair:4   | Reached skill level 11 in Shields
 19202 | Lair:4   | Noticed Sonja
 19205 | Lair:4   | Killed Sonja
 19234 | Lair:4   | Received a gift from Okawaru
 19301 | Lair:4   | Got the Volume of Transformation
 19988 | D:12     | Reached skill level 15 in Armour
 20059 | D:12     | Identified the +7 morningstar of Pettajops {flame, *Rage
                  | rN+++ Int+3 SInv}
 20189 | D:12     | Reached skill level 15 in Long Blades
 20913 | Orc:1    | Entered Level 1 of the Orcish Mines
 21076 | Orc:2    | Entered Level 2 of the Orcish Mines
 21540 | Orc:2    | Found Tobides's Distillery.
 21541 | Orc:2    | Found Asasaoce's General Store.
 22445 | Orc:2    | Noticed Saint Roka
 22491 | Orc:1    | HP: 3/119 [warg[Saint Roka] (10)]
 23009 | Orc:2    | Killed Saint Roka
 23440 | Orc:2    | Bought a potion of degeneration for 16 gold pieces
 23440 | Orc:2    | Bought a potion of berserk rage for 80 gold pieces
 23442 | Orc:2    | Bought a scroll of identify for 26 gold pieces
 23471 | Orc:2    | Gained mutation: You have a beak for a mouth. [a neqoxec]
 23486 | Orc:2    | Received a gift from Okawaru
 23763 | Orc:2    | Reached skill level 12 in Shields
 23772 | Orc:2    | Reached XP level 14. HP: 77/129 MP: 15/15
 24125 | Orc:2    | Found a staircase to the Elven Halls.
 24661 | Orc:2    | Identified the +0 hat "Mocuyvoqi" {rF++ Str+3 Int-3 SInv}
                  | (Okawaru gifted it to you on level 2 of the Orcish Mines)
 24661 | Orc:2    | Received a gift from Okawaru
 24747 | Orc:2    | Found Piexka's Jewellery Shop.
 24747 | Orc:2    | Found Uggis's Antique Weapon Boutique.
 24747 | Orc:2    | Found a one-way gate leading to the halls of Pandemonium.
 25186 | Orc:1    | Noticed Maurice
 25206 | Orc:1    | Killed Maurice
 25873 | D:13     | Found a gate leading to a gauntlet.
 25884 | Gauntlet | Entered a Gauntlet
 25884 | Gauntlet | Found a transporter.
 25884 | Gauntlet | Found a transporter.
 25884 | Gauntlet | Found a runed translucent door.
 25884 | Gauntlet | Found a runed translucent door.
 25892 | Gauntlet | Found a transporter.
 25896 | Gauntlet | Found a transporter.
 25912 | Gauntlet | Found a transporter.
 25916 | Gauntlet | Found a transporter.
 25924 | Gauntlet | Found a transporter.
 25940 | Gauntlet | Found a transporter.
 25942 | Gauntlet | Noticed a cacodemon
 25944 | Gauntlet | Found a transporter.
 25964 | Gauntlet | Found a transporter.
 25972 | Gauntlet | Found a transporter.
 25976 | Gauntlet | Found a transporter.
 26115 | Gauntlet | Identified a scroll of acquirement
 26124 | Gauntlet | Noticed a quicksilver ooze
 26124 | Gauntlet | a great orb of eyes changed into a quicksilver ooze
 26155 | Gauntlet | Reached skill level 13 in Shields
 26161 | Gauntlet | Identified the ring of Atofaq {*Corrode AC+4 Str+6}
 26221 | Gauntlet | Acquired the amulet "Dumuxt" {rElec Regen+ Int+2 Dex+2}
 26570 | D:13     | Received a gift from Okawaru
 26570 | D:13     | Found the +10 zealot's sword {holy, *Rage rN+ EV+3}
 28047 | Lair:5   | Identified the +3 plate armour "Pusm" {rC+ Int+2 Dex+4}
                  | (Okawaru gifted it to you on level 5 of the Lair of Beasts)
 28047 | Lair:5   | Received a gift from Okawaru
 28648 | Lair:5   | Reached skill level 15 in Fighting
 28648 | Lair:5   | Reached XP level 15. HP: 127/141 MP: 17/17
 28848 | Lair:5   | Found a staircase to the Slime Pits.
 28930 | Lair:6   | Entered Level 6 of the Lair of Beasts
 28971 | Lair:6   | Reached skill level 14 in Shields
 29929 | Lair:6   | Received a gift from Okawaru
 29930 | Lair:6   | Reached skill level 15 in Shields
 30021 | Lair:6   | Found a corrupted altar of Lugonu.
 30021 | Lair:6   | Found a one-way gate to the infinite horrors of the Abyss.
 30776 | D:14     | Identified the ring of Dobyizeo {rN+ Will++ AC+4 Dex+3}
 30875 | D:14     | Noticed Kirke
 30876 | D:14     | Noticed Josephine
 30893 | D:14     | Killed Kirke
 30914 | D:14     | Killed Josephine
 30949 | D:14     | Received a gift from Okawaru
 31053 | D:14     | Found a gate to the Vaults.
 31582 | D:15     | Entered Level 15 of the Dungeon
 31628 | D:15     | Reached skill level 16 in Shields
 32210 | D:15     | Found a staircase to the Depths.
 32233 | D:15     | Reached XP level 16. HP: 152/152 MP: 18/18
 33044 | Elf:1    | Entered Level 1 of the Elven Halls
 33296 | Elf:1    | Identified the +0 helmet of the Gloaming {rCorr Dex-5
                  | Slay+3}
 33354 | Elf:1    | Paralysed by an air elemental for 1 turns
 33387 | Elf:1    | Noticed a Tzitzimitl
 33388 | Elf:1    | Reached skill level 17 in Shields
 33394 | Elf:1    | Identified the +0 ring mail "Qekaenol" {-Tele Rampage Int+6
                  | Dex-2} (Okawaru gifted it to you on level 1 of the Elven
                  | Halls)
 33394 | Elf:1    | Received a gift from Okawaru
 33440 | Elf:1    | Noticed Donald
 33463 | Elf:1    | Killed Donald
 33679 | Elf:1    | Noticed Jorgrun
 33698 | Elf:1    | Killed Jorgrun
 34350 | Swamp:1  | Entered Level 1 of the Swamp
 34353 | Swamp:1  | Noticed Louise
 34383 | Lair:2   | Killed Louise
 34428 | Swamp:1  | Noticed Frances
 34434 | Swamp:1  | Killed Frances
 34435 | Swamp:1  | Reached skill level 18 in Shields
 34736 | Swamp:1  | Identified the +4 chain mail of Tulips {*Corrode rN+++
                  | Dex-2 Slay+5} (Okawaru gifted it to you on level 1 of the
                  | Swamp)
 34736 | Swamp:1  | Received a gift from Okawaru
 34994 | Snake:1  | Entered Level 1 of the Snake Pit
 35625 | Snake:1  | Found Nofufir's Magic Scroll Shop.
 35633 | Snake:1  | Bought a scroll of enchant weapon for 105 gold pieces
 35633 | Snake:1  | Bought a scroll of enchant weapon for 105 gold pieces
 36098 | Snake:2  | Reached XP level 17. HP: 161/161 MP: 19/19
 36835 | Snake:3  | Reached skill level 19 in Shields
 36861 | Snake:3  | Noticed Aizul
 37012 | Snake:2  | Killed Aizul
 37215 | Snake:3  | Received a gift from Okawaru
 37296 | Snake:3  | Noticed Vashnia
 37314 | Snake:3  | Killed Vashnia
 37382 | Snake:3  | Reached skill level 20 in Shields
 38129 | Swamp:2  | Noticed a tentacled monstrosity
 38132 | Swamp:2  | Identified the +12 demon blade "Yskylub" {flame, Dex+8}
                  | (Okawaru gifted it to you on level 2 of the Swamp)
 38132 | Swamp:2  | Received a gift from Okawaru
 38137 | Swamp:2  | Killed a tentacled monstrosity
 40192 | Elf:2    | Reached XP level 18. HP: 171/171 MP: 20/20
 40201 | Elf:2    | Identified the +1 scale mail of Grot {*Corrode rC+ Str+4
                  | Dex+3}
 40261 | Elf:2    | Reached skill level 1 in Evocations
 40299 | Elf:2    | Reached skill level 21 in Shields
 40309 | Elf:2    | Identified the +2 chain mail of Untruth {rF++ rN+ Dex+4}
                  | (Okawaru gifted it to you on level 2 of the Elven Halls)
 40309 | Elf:2    | Received a gift from Okawaru
 40343 | Elf:2    | Paralysed by an air elemental for 1 turns
 40398 | Elf:2    | Found a runed translucent gate.
 40399 | Elf:2    | Found a runed translucent gate.
 40400 | Elf:2    | Found a runed translucent gate.
 40464 | Elf:3    | Entered Level 3 of the Elven Halls
 40830 | Elf:3    | Paralysed by an air elemental for 1 turns
 40848 | Elf:3    | Noticed Bai Suzhen
 40868 | Elf:3    | Killed Bai Suzhen
 41427 | Elf:3    | Identified the ring "Tulekaor" {rElec rPois rC+ Will++
                  | Dex-5}
 41427 | Elf:3    | Identified the +4 bardiche "Cyats" {pain, *Corrode rF+++
                  | Dex+3 SInv}
 41435 | Elf:3    | Identified the +0 pair of gloves of Lucidity {rN+} (Okawaru
                  | gifted it to you on level 3 of the Elven Halls)
 41435 | Elf:3    | Received a gift from Okawaru
 41467 | Elf:3    | Reached skill level 22 in Shields
 41548 | Elf:3    | Noticed a Brimstone Fiend
 41552 | Elf:3    | Noticed a Hell Sentinel
 41555 | Elf:3    | Identified the +7 bardiche of Blood {pain, Str+4 Int+7}
 41657 | Elf:3    | Identified the +1 war axe "Ogrebane" {drain, Str+5 Int+2}
 41794 | Elf:3    | Got the Compendium of Bewitchment
 42147 | Elf:2    | Reached skill level 5 in Dodging
 42220 | Elf:2    | Reached XP level 19. HP: 183/183 MP: 21/21
 42857 | Snake:4  | Entered Level 4 of the Snake Pit
 42866 | Snake:4  | Found a flickering gateway to a bazaar.
 42879 | Snake:4  | Received a gift from Okawaru
 42881 | Bazaar   | Entered a bazaar
 42882 | Bazaar   | Found Liziodgh's Weapon Emporium.
 42882 | Bazaar   | Found Vimyecw's Magic Scroll Emporium.
 42883 | Bazaar   | Found Xaetes's Weapon Boutique.
 42889 | Bazaar   | Bought a scroll of magic mapping for 63 gold pieces
 42914 | Bazaar   | Found Tiampu's Magic Scroll Shop.
 42922 | Bazaar   | Bought a scroll of enchant weapon for 127 gold pieces
 42922 | Bazaar   | Bought a scroll of magic mapping for 59 gold pieces
 42934 | Bazaar   | Bought a scroll of teleportation for 54 gold pieces
 42934 | Bazaar   | Bought a scroll of teleportation for 54 gold pieces
 43106 | Snake:4  | Reached skill level 23 in Shields
 43545 | Snake:4  | Identified the +1 great sword of Wyrd {vorpal, Contam rCorr
                  | Dex+3} (Okawaru gifted it to you on level 4 of the Snake
                  | Pit)
 43545 | Snake:4  | Received a gift from Okawaru
 43552 | Snake:4  | Noticed Mlioglotl
 43573 | Snake:4  | Killed Mlioglotl
 43781 | Snake:4  | Got a serpentine rune of Zot
 44492 | Swamp:3  | Identified the +8 chain mail of the Hidden Seas {rPois
                  | rCorr Int-5} (Okawaru gifted it to you on level 3 of the
                  | Swamp)
 44492 | Swamp:3  | Received a gift from Okawaru
 44530 | Swamp:3  | Reached skill level 24 in Shields
 44806 | Swamp:4  | Entered Level 4 of the Swamp
 44988 | Swamp:4  | Got a decaying rune of Zot
 46071 | Vaults:1 | Entered Level 1 of the Vaults
 46171 | Vaults:1 | Reached XP level 20. HP: 169/193 MP: 22/22
 46288 | Vaults:1 | Noticed an ancient lich
 46302 | Vaults:1 | Killed an ancient lich
 46672 | Vaults:1 | Received a gift from Okawaru
 46721 | Vaults:1 | Found a magical portal.
 46735 | Vaults:1 | Reached skill level 25 in Shields
 46749 | WizLab   | Entered Iskenderun's Mystic Tower
 46971 | WizLab   | Received a gift from Okawaru
 47421 | WizLab   | Got Iskenderun's Collected Works on Battle Magic
 47421 | WizLab   | Got Iskenderun's Grimoire of Blows and Bruises
 48225 | Vaults:2 | Found a staircase to the Crypt.
 48336 | Vaults:2 | Received a gift from Okawaru
 48795 | Vaults:2 | Reached skill level 26 in Shields
 48795 | Vaults:2 | Identified the +6 long sword "Vuohuw" {vorpal, Int+5}
 48894 | Vaults:2 | Reached XP level 21. HP: 204/204 MP: 23/23
 49556 | Vaults:2 | Identified the +3 pair of gloves of Okawaru's Anger {Fly
                  | rElec rF++ Slay-3} (Okawaru gifted it to you on level 2 of
                  | the Vaults)
 49556 | Vaults:2 | Received a gift from Okawaru
 50216 | Vaults:3 | Reached skill level 27 in Shields
 50353 | Vaults:3 | Noticed Nikola
 50361 | Vaults:3 | Killed Nikola
 50791 | Vaults:3 | Noticed a golden dragon
 50822 | Vaults:3 | Killed a golden dragon
 51173 | Vaults:4 | Identified the +2 pair of gloves "Keamity" {Harm +Blink
                  | Stlth+} (Okawaru gifted it to you on level 4 of the Vaults)
 51173 | Vaults:4 | Received a gift from Okawaru
 51687 | Vaults:4 | Reached XP level 22. HP: 217/217 MP: 24/24
 52005 | Vaults:4 | Found Puores's Book Boutique.
 52359 | Vaults:5 | Entered Level 5 of the Vaults
 52363 | Vaults:5 | Noticed a golden dragon
 52370 | Vaults:5 | Identified the +1 hat of Cunig {Will+ Int+3 Dex+3} (Okawaru
                  | gifted it to you on level 5 of the Vaults)
 52370 | Vaults:5 | Received a gift from Okawaru
 52380 | Vaults:5 | HP: 10/220 [deep elf high priest/a malign offering (13)]
 52381 | Vaults:5 | Killed from afar by a tengu reaver

Illustrated notes

Levels and vault maps discovered:
D:1:      psy_arrival_whirlpool, layout_basic
D:2:      layout_loops_ring, basic_altar, hellmonk_ecumenical_altar_lost_god,
          uniq_crazy_yiuf_cottage, uniq_terence
D:3:      layout_basic, nicolae_concentric_dashed_squares_wild,
          minmay_crystal_room, minmay_unequal, uniq_robin, uniq_sigmund
D:4:      layout_loops_ring, minmay_temple_entry_glassed_door, serial_undead,
          serial_undead_e, serial_undead_e, serial_undead_a, serial_undead_e,
          serial_undead_b, serial_undead_e, serial_undead_b, serial_undead_c
D:5:      layout_loops_corners, kennysheep_generic_room_9
D:6:      minmay_evil_eye, layout_gridville, minmay_hedge_maze,
          minmay_stone_trees_medium
D:7:      layout_gridville, guppyfry_early_elven_hall, uniq_joseph, uniq_harold
D:8:      layout_basic, lair_entry_dummy
D:9:      layout_roguey, kennysheep_mini_moat, small_statue_intersection
D:10:     layout_layer_cave, hex_medium
D:11:     layout_rooms, erik_orc_4, zin_scriptorium
D:12:     layout_basic, nicolae_figureground_pulse
D:13:     layout_layer_cave, gauntlet_entry_generic,
          minmay_checkered_concentric_circles
D:14:     layout_cave_pools, erik_vaults_1, minmay_misc_feat_x, uniq_kirke,
          uniq_josephine
D:15:     hangedman_depths_entry_try_elsewhere_first, layout_basic,
          nrook_mini_vaults
Temple:   dpeg_three_leaves_temple
Lair:1:   layout_cave_pods, chequers_serial_rivers_small_3, st_stairs_13
Lair:2:   layout_chaotic_city, palyth_hydra_swamp_entry, eino_house_with_fridge,
          uniq_maggie
Lair:3:   layout_regular_city, minmay_holes, kennysheep_abandoned_house,
          infiniplex_staircase_pool, serial_bayou_shore_a
Lair:4:   layout_hall_layers, dummy_snake_entry, chequers_serial_rivers_large_b,
          minivault_24, grunt_megastairs_4, uniq_sonja
Lair:5:   layout_cellular_growth, slime_dummy, minmay_shattered_shrine,
          grunt_megastairs_5
Lair:6:   hellmonk_lair_end_abyssal_woods, layout_loops_ring
Swamp:1:  nicolae_swamp_ascending_descending, layout_falls_marsh,
          evilmike_swamp_ruin_house_2, uniq_louise, uniq_frances
Swamp:2:  nzn_winding_woodlands_small [nzn_winding_woodlands_5x15_sawtooth,
          nzn_winding_woodlands_center_triple_pond,
          nzn_winding_woodlands_5x15_river_crossing], layout_falls_marsh,
          evilmike_swamp_ruin_house_3, swamp_pool4,
          nicolae_swamp_nymph_family_reunion
Swamp:3:  layout_falls_marsh, infiniplex_staircase_pool_2, swamp_pool2
Swamp:4:  swamp_fiery, layout_basic_swamp, swamp_pool5
Snake:1:  layout_honeycomb, minmay_shop_star
Snake:2:  layout_grid_maze
Snake:3:  layout_rooms, nicolae_snake_serpentine_hallways, uniq_vashnia,
          uniq_aizul
Snake:4:  snake_pit_salamanders_mu, layout_rooms, serial_shops, bzr_entry_dummy,
          uniq_mlioglotl
Orc:1:    layout_caves, basic_altar, uniq_maurice
Orc:2:    pf_orc_diabolical, layout_diamond_mine, uniq_saint_roka
Elf:1:    elf_arrival_002, layout_rooms, hangedman_elven_crosses_minicolossus,
          uniq_jorgrun, uniq_donald
Elf:2:    elven_hall_of_blades_hangedman_original
          [nicolae_blade_entry_diamond_columns], layout_geoelf_octagon
Elf:3:    elf_hall, layout_geoelf_diagonals, small_statue_intersection,
          uniq_bai_suzhen
Vaults:1: mu_enter_wizlab_5, dpeg_vaults_monster_row, hangedman_vaults_nodes,
          dpeg_vaults_waves, hangedman_vaults_hat, nicolae_vaults_network_star,
          nicolae_vaults_triangles, nicolae_vaults_puzzle_piece,
          nicolae_vaults_rhombus_6, vaults_room_stairs_pillars,
          vaults_dpeg_diagonal, ontoclasm_vaults_fault, layout_vaults_omnibox
Vaults:2: nicolae_vaults_arrows, vaults_room_hangedman_quadrants,
          ontoclasm_vaults_ring_large, vaults_room_octagon,
          ontoclasm_vaults_twist, nicolae_vaults_twisting_passages,
          nicolae_vaults_big_ls, nicolae_vaults_what_the_h, v_misc_22,
          layout_vaults_omnigrid, dummy_crypt_entry
Vaults:3: kb_rosetta, vaults_room_door_ring, vaults_room_grunt_arrival_ludios,
          nicolae_vaults_theta, v_rooms_2, v_misc_8, v_misc_12,
          hangedman_vaults_variations, v_alt_pattern_6,
          ontoclasm_vaults_misaligned, vaults_room_semicircle,
          layout_vaults_big_room, uniq_nikola
Vaults:4: vaults_room_semicircle, hangedman_vaults_locks, v_misc_19,
          ontoclasm_vaults_chip, v_misc_2, nicolae_vaults_specimen_jars,
          grunt_vaults_hallway_long, vaults_room_boxed,
          hangedman_vaults_stitches, v_pattern_3, vaults_dpeg_hooks,
          nicolae_vaults_ring_of_whatevers, layout_vaults_ring, serial_shops,
          nicolae_shop_hallway_plus, uniq_margery
Vaults:5

Skill      XL: |  1  2  3  4  5  6  7  8  9 10 11 12 13 14 15 16 17 18 19 20 21 22 |
---------------+-------------------------------------------------------------------+-----
Armour         | 4 5 6 7 9 10 12 14 15 16 17 18 19 20 | 20.8
Shields        | 4 5 6 8 9 10 12 13 16 18 20 22 24 26 27 | 27.0
Long Blades    | 3 4 5 7 9 11 13 14 15 16 17 18 19 20 21 22 23 | 23.8
Fighting       | 4 5 7 8 10 11 13 15 16 17 19 20 21 22 23 | 23.3
Dodging        | 1 2 3 4 5 6 |  6.8
Stealth        | 1 2 3 |  3.3
Invocations    | 2 3 4 |  4.6
Axes           | 2 5 6 |  6.3
Evocations     | 1 |  1.4

Action                   |  1- 3 |  4- 6 |  7- 9 | 10-12 | 13-15 | 16-18 | 19-21 | 22-24 || total
-------------------------+-------+-------+-------+-------+-------+-------+-------+-------++-------
Melee: Long sword        |    80 |   169 |   281 |   223 |       |       |       |       ||   753
       Headbutt          |    13 |    20 |    60 |   140 |   248 |   286 |   422 |    39 ||  1228
       Falchion          |       |       |       |    29 |       |       |       |       ||    29
       Demon blade       |       |       |       |   227 |   524 |   396 |  1403 |    98 ||  2648
       Hand axe          |       |       |       |    58 |     8 |       |       |       ||    66
       Peck              |       |       |       |       |   198 |   273 |   436 |    33 ||   940
       Double sword      |       |       |       |       |   538 |   735 |       |       ||  1273
Invok: Heroism           |       |       |     4 |    20 |    19 |    11 |     2 |       ||    56
Evoke: Wand              |       |       |       |       |     3 |     6 |    12 |       ||    21
  Use: Scroll            |       |     3 |     3 |     4 |    16 |     9 |     6 |     3 ||    44
       Potion            |       |       |     1 |       |     2 |       |     1 |     2 ||     6
 Stab: Invisible         |       |     1 |       |       |       |       |       |       ||     1
Armor: Scale mail        |    42 |    16 |       |       |       |       |       |       ||    58
       Plate armour      |       |   123 |   184 |   393 |   551 |   415 |   483 |    26 ||  2175
       Chain mail        |       |     5 |       |       |       |       |    16 |       ||    21
Dodge: Dodged            |    38 |    55 |    66 |   263 |   333 |   234 |   434 |    11 ||  1434
Block: Buckler           |    17 |    49 |    69 |   201 |    36 |       |       |       ||   372
       Kite shield       |       |       |       |       |   666 |       |       |       ||   666
       Reflection        |       |       |       |       |    18 |   186 |   116 |     3 ||   323
       Tower shield      |       |       |       |       |    87 |  1329 |  1953 |    98 ||  3467
